 Dungeon Crawl Stone Soup version 0.16-a0-3596-g438c78e (webtiles) character file.

4944 PolkaDot the Jinx (level 10, -4/63 HPs)
             Began as a Vampire Enchanter on Jan 12, 2015.
             Was an Initiate of Gozag.
             Slain by an orc warrior
             ... wielding a +0 scimitar of holy wrath
              (22 damage)
             ... on level 8 of the Dungeon.
             The game lasted 00:24:50 (10799 turns).

PolkaDot the Jinx (Vampire Enchanter)              Turns: 10799, Time: 00:24:50

Health: -4/63      AC:  5    Str:  7    XL:     10   Next: 28%
Magic:  0/15       EV: 13    Int: 20    God:    Gozag
Gold:   682        SH:  0    Dex: 16    Spells: 4 memorised, 3 levels left

rFire  . . .     SeeInvis +     g - +1 dagger (vamp) (curse)
rCold  + + .     Clarity  +     b - +1 robe
rNeg   + + .     SustAb   .     (no shield)
rPois  +         Gourm    .     a - +1 helmet of Theory {rElec rC+}
rElec  +         Spirit   +     (no cloak)
rCorr  .         Warding  .     (no gloves)
rMut   .         Stasis   .     (no boots)
MR     +....                    y - amulet of Heynwedu {Spirit +Twstr}
Stlth  +++++++...               (no ring)
                                r - ring of stealth

@: regenerating slowly, somewhat resistant to hostile enchantments, extremely
stealthy
A: bottle blood, fangs 3, see invisible, agile 1, clarity, low mp 1,
unbreathing, forlorn, placid magic 1
a: Bat Form, Potion Petition, Call Merchant, Bribe Branch, Renounce Religion,
Evoke Twister


You were on level 8 of the Dungeon.
You worshipped Gozag.
Gozag was noncommittal.
You were very thirsty.

You visited 1 branch of the dungeon, and saw 8 of its levels.

You collected 1548 gold pieces.
You spent 728 gold pieces at shops.
You paid 138 gold pieces to Gozag.

Inventory:

Hand weapons
 g - a cursed +1 vampiric dagger (weapon)
Missiles
 d - 35 poisoned needles
 e - 5 needles of confusion
 j - 2 throwing nets (quivered)
Armour
 a - the +1 helmet of Theory (worn) {rElec rC+}
   (You acquired it on level 8 of the Dungeon)

   It protects you from cold.
   It insulates you from electricity.
 b - a +1 robe (worn)
Jewellery
 r - a ring of stealth (left hand)
 s - an uncursed ring of teleportation
 y - the amulet of Heynwedu (around neck) {Spirit +Twstr}
   (You found it on level 7 of the Dungeon)

   [amulet of guardian spirit]

   It causes incoming damage to be split between your health and magic.
   It can be evoked to create a twister.
Magical devices
 i - a wand of fire (7)
 t - a wand of disintegration (8)
 u - a wand of slowing (13)
Scrolls
 h - 2 scrolls of fog
 l - 4 scrolls of remove curse
 n - a scroll of identify
 p - 3 scrolls of teleportation
 q - a scroll of blinking
 v - 3 scrolls of amnesia
 A - a scroll of recharging {unknown}
Potions
 f - 4 potions of heal wounds
 k - 2 potions of resistance
 o - a potion of agility
 x - 3 potions of curing
Books
 c - a book of Maledictions

   Spells                             Type                      Level
   a - Corona                         Hexes                        1
   b - Sure Blade                     Hexes/Charms                 2
   c - Ensorcelled Hibernation        Hexes/Ice                    2
   d - Confuse                        Hexes                        3
   e - Dazzling Spray                 Conjuration/Hexes            3
   f - Enslavement                    Hexes                        4


   Skills:
 - Level 6.3 Short Blades
 - Level 2.1 Dodging
 + Level 12.1 Stealth
 - Level 2.0 Spellcasting
 * Level 14.7 Hexes
 - Level 3.2 Ice Magic
 + Level 4.2 Evocations


You had 3 spell levels left.
You knew the following spells:

 Your Spells              Type           Power        Failure   Level  Hunger
a - Corona                Hex            #####..      0%          1    #......
b - Enslavement           Hex            #####...     1%          4    #####..
c - Confuse               Hex            #####...     0%          3    ###....
d - Ensorcelled Hibernat  Hex/Ice        ####..       1%          2    ##.....


Dungeon Overview and Level Annotations

Branches:
Dungeon (8/15)             Temple (0/1) D:5
   Lair: D:8-11

Altars:
Gozag
Nemelex Xobeh
Qazlal
Sif Muna
Trog
Vehumet
The Shining One

Shops:
D:8 ?


Innate Abilities, Weirdness & Mutations

You heal slowly.
You can bottle blood from corpses.
You have razor-sharp teeth.
You have supernaturally acute eyesight.
You can survive without breathing.
You are agile. (Dex +2)
You possess an exceptional clarity of mind.
Your magical capacity is low (-10% MP).
You have difficulty communicating with the divine.
Your spells are a little easier to cast, but a little less powerful.


Message History

You feel slightly less thirsty.
You hit the orc warrior but do no damage.
You draw the orc warrior's blood!
You feel better.
You feel slightly less thirsty.
You hit the orc warrior.
The orc warrior is lightly wounded.
The orc warrior closely misses you.
You draw the orc warrior's blood!
You feel better.
You feel slightly less thirsty.
You hit the orc warrior but do no damage.
The orc warrior is lightly wounded.
You draw the orc warrior's blood!
You feel better.
You feel slightly less thirsty.
You hit the orc warrior but do no damage.
The orc warrior is lightly wounded.
The orc warrior hits you with a scimitar of holy wrath!!
* * * LOW HITPOINT WARNING * * *
You convulse!!
* * * LOW MAGIC WARNING * * *
You die...
Your body crumbles into a pile of gold.

.............#..##.#
....................
........############ ....###.#
### #..####.# #.. #....<#.# #.!.
########## ..>..##.####
..#♣♣♣♣.....≈≈≈≈≈≈≈ ##...##.##.##
#o♣P........≈≈≈≈≈≈≈
........#...##♣♣@.P..####.≈≈≈≈≈≈≈
.#...##...#..#♣P♣P.P.#..#.≈≈≈.≈≈≈
.#...##..##..#♣♣P....#.(#....≈≈≈≈
.....##.####.####♣...#'##....≈≈≈≈
.....##.# #.....##P♣.P.......≈≈≈≈
.....##.# ##.#...#♣..........≈≈≈≈
.....##.# ####..##.....####.≈≈≈≈
.....##.# ##..#♣..).#..#..≈≈≈
###.###.# #..###...)..#...≈≈


You could see an orc warrior.

Vanquished Creatures
  The ghost of Pikaro the Insei, an average OpTm of Okawaru (D:4)
  Eustachio (D:4)
  4 orc warriors
  An ice beast (D:8)
  A sky beast (D:5)
  2 black bears (D:6)
  11 ogres
  3 necrophages (D:8)
  2 centaurs (D:5)
  A big kobold (D:8)
  3 giant frogs
  Blork the orc (D:4)
  2 gnoll sergeants (D:8)
  A water moccasin zombie (D:8)
  2 scorpions
  12 wights
  A jelly (D:6)
  3 crimson imps
  A centaur zombie (D:8)
  3 gnoll shamans
  6 orc priests
  3 hounds
  4 orc wizards
  5 worker ants
  Natasha (thrice) (D:3)
  2 iguanas
  Jessica (D:2)
  A mummy (D:7)
  A hound zombie (D:8)
  24 gnolls
  2 giant mites
  12 adders
  3 shadow imps
  5 worms
  2 adder skeletons
  2 giant geckos
  An ooze (D:1)
  49 orcs
  A bat skeleton (D:4)
  5 giant cockroaches
  11 goblins
  14 hobgoblins
  12 kobolds
  A ball python (D:3)
  16 bats
  A giant gecko zombie (D:5)
  5 giant newts
  A giant spore (D:7)
  8 jackals
  5 quokkas
  9 rats
271 creatures vanquished.

Vanquished Creatures (others)
  A fungus (D:8)
1 creature vanquished.

Grand Total: 272 creatures vanquished

Notes
Turn   | Place    | Note
--------------------------------------------------------------
     0 | D:1      | PolkaDot, the Vampire Enchanter, began the quest for the Orb.
     0 | D:1      | Reached XP level 1. HP: 13/13 MP: 3/3
   498 | D:1      | Reached XP level 2. HP: 14/19 MP: 4/4
   715 | D:1      | Learned a level 2 spell: Ensorcelled Hibernation
   749 | D:1      | Reached skill level 5 in Hexes
  1026 | D:1      | Reached XP level 3. HP: 1/24 MP: 1/6
  1922 | D:1      | Learned a level 3 spell: Confuse
  2230 | D:2      | Reached skill level 5 in Stealth
  2502 | D:2      | Reached XP level 4. HP: 30/30 MP: 7/7
  2516 | D:2      | Noticed Jessica
  2543 | D:2      | Killed Jessica
  2968 | D:2      | Reached skill level 6 in Hexes
  3180 | D:2      | Found a radiant altar of Vehumet.
  3347 | D:3      | Noticed Natasha
  3368 | D:3      | Killed Natasha
  3368 | D:3      | Reached XP level 5. HP: 35/35 MP: 9/9
  3371 | D:3      | Noticed Natasha
  3377 | D:3      | Killed Natasha
  3792 | D:3      | Reached skill level 7 in Hexes
  3864 | D:3      | Noticed Natasha
  3877 | D:3      | Killed Natasha
  3897 | D:3      | Reached XP level 6. HP: 41/41 MP: 3/10
  4181 | D:4      | Reached skill level 8 in Hexes
  4211 | D:4      | Noticed Pikaro's ghost (average OpTm)
  4225 | D:4      | Found a bloodstained altar of Trog.
  4228 | D:4      | Killed Pikaro's ghost
  4228 | D:4      | Reached XP level 7. HP: 41/46 MP: 9/12
  4231 | D:4      | Found a glowing golden altar of the Shining One.
  4232 | D:4      | Found an opulent altar of Gozag.
  4241 | D:4      | Became a worshipper of Gozag Ym Sagoz the Greedy
  4689 | D:4      | Reached skill level 9 in Hexes
  4847 | D:4      | Noticed Blork the orc
  4853 | D:4      | Killed Blork the orc
  5019 | D:4      | Gained mutation: Your spells are a little easier to cast, but a little less powerful. [potion of mutation]
  5019 | D:4      | Gained mutation: You possess an exceptional clarity of mind. [potion of mutation]
  5019 | D:4      | Gained mutation: Your magical capacity is low (-10% MP). [potion of mutation]
  5020 | D:4      | Gained mutation: You are agile. (Dex +2) [potion of mutation]
  5020 | D:4      | Gained mutation: You have difficulty communicating with the divine. [potion of mutation]
  5021 | D:4      | Noticed Eustachio
  5058 | D:4      | Killed Eustachio
  5058 | D:4      | Reached skill level 5 in Short Blades
  5058 | D:4      | Reached skill level 10 in Hexes
  5058 | D:4      | Reached XP level 8. HP: 52/52 MP: 11/11
  5655 | D:4      | Learned a level 4 spell: Enslavement
  5690 | D:5      | Entered Level 5 of the Dungeon
  5993 | D:5      | Found a staircase to the Ecumenical Temple.
  6654 | D:5      | Reached skill level 11 in Hexes
  7409 | D:6      | Found a deep blue altar of Sif Muna.
  7695 | D:6      | Found a sparkling altar of Nemelex Xobeh.
  7883 | D:6      | Reached XP level 9. HP: 57/57 MP: 12/12
  7966 | D:6      | Reached skill level 12 in Hexes
  8101 | D:7      | Reached skill level 10 in Stealth
  8456 | D:7      | Got a scorched sapphire amulet
  8457 | D:7      | Identified the amulet of Heynwedu {Spirit +Twstr} (You found it on level 7 of the Dungeon)
  8766 | D:7      | Reached skill level 1 in Evocations
  9184 | D:8      | Found Plankef's Magic Scroll Shop.
  9239 | D:8      | Bought a scroll of acquirement for 728 gold pieces
  9475 | D:8      | Got a pitted helmet
  9486 | D:8      | Identified the +1 helmet of Theory {rElec rC+} (You acquired it on level 8 of the Dungeon)
  9520 | D:8      | Found a stormy altar of Qazlal.
  9581 | D:8      | Reached skill level 13 in Hexes
 10195 | D:8      | Reached skill level 14 in Hexes
 10334 | D:8      | Reached XP level 10. HP: 43/63 MP: 11/14
 10799 | D:8      | Slain by an orc warrior

Action                   |  1- 3 |  4- 6 |  7- 9 | 10-12 || total
-------------------------+-------+-------+-------+-------++-------
Melee: Dagger            |   129 |   267 |   731 |   135 ||  1262
 Cast: Corona            |     9 |       |       |       ||     9
       Ensorcelled Hiber |    10 |    20 |    66 |    13 ||   109
       Confuse           |       |     1 |    11 |     1 ||    13
  Use: Scroll            |     2 |     8 |     8 |       ||    18
       Potion            |       |       |     8 |     2 ||    10
 Stab: Sleeping          |     9 |    23 |    63 |     8 ||   103
       Distracted        |     1 |       |       |       ||     1
       Confused          |       |     2 |     7 |     1 ||    10
